 Dungeon Crawl Stone Soup version 0.30.0-15-g856e2d3f33 (webtiles) character file.

Game seed: 9971286791479759703

438 qw the Chopper (level 7, -3/43 HPs)
             Began as a Gargoyle Cinder Acolyte on May 18, 2023.
             Was an Elder of Ignis.
             Slain by Duvessa
             ... wielding a +0 short sword
              (10 damage)
             ... on level 5 of the Dungeon.
             The game lasted 00:01:43 (3388 turns).

qw the Chopper (Gargoyle Cinder Acolyte)            Turns: 3388, Time: 00:01:43

Health: -3/43      AC: 18    Str: 20    XL:     7   Next: 1%
Magic:  8/8        EV: 10    Int: 14    God:    Ignis [****..]
Gold:   260        SH:  0    Dex:  9    Spells: 8/8 levels left

rFire   + . .        Y - +0 hand axe (flame)
rCold   . . .        (no shield)
rNeg    + . .        e - +0 scale mail "Noucir" {Dex+4}
rPois   inf          (no helmet)
rElec   +            (no cloak)
rCorr   .            (no gloves)
SInv    .            (no boots)
Will    .....        i - amulet of regeneration Stlth
                     (no ring)
HPRegen 1.07/turn    (no ring)
MPRegen 0.11/turn

%: no passive effects
@: about to teleport, fiery-armoured
A: sickness immunity, AC +4, negative energy resistance 1, electricity
resistance, torment resistance 1, petrification resistance
a: Renounce Religion, Fiery Armour, Foxfire Swarm, Rising Flame


You were on level 5 of the Dungeon.
You worshipped Ignis.
Ignis was greatly pleased with you.
You visited 1 branch of the dungeon, and saw 5 of its levels.

You collected 260 gold pieces.


Innate Abilities, Weirdness & Mutations

You are immune to sickness and miasma.
Your stone body is resilient. (AC +4)
You are immune to poison.
You resist negative energy. (rN+)
You are resistant to electric shocks. (rElec)
You are resistant to unholy torment.
You are immune to petrification.


   Skills:
 - Level 4.0 Fighting
 + Level 6.0 Axes
 - Level 2.4 Armour
 - Level 1.2 Dodging
 - Level 1.0 Spellcasting
 - Level 3.0 Fire Magic


You had 8 spell levels left.
You didn't know any spells.
Your spell library contained the following spells:

 Spells                   Type           Power      Damage    Failure   Level
 Scorch                   Fire           18%        2d5       32%         2

Inventory:

Hand Weapons
 Y - a +0 hand axe of flaming (weapon)
Armour
 e - the +0 scale mail "Noucir" (worn) {Dex+4}
   (You acquired it on level 2 of the Dungeon)

   Dex:       It affects your dexterity (+4).
Jewellery
 i - an amulet of regeneration (around neck)
Scrolls
 a - a scroll of identify
 f - 2 scrolls of teleportation
Potions
 b - a potion of haste {unknown}
 c - a potion of flight {unknown}
 d - a potion of curing
 g - a potion of resistance {unknown}
 h - a potion of might {unknown}
 k - a potion of attraction {unknown}

Dungeon Overview and Level Annotations

Branches:
Dungeon (5/15)             Temple (0/1) D:5

Altars:
Dithmenos
Nemelex Xobeh
Sif Muna
Wu Jian
Zin

Annotations:
D:4 1 runed translucent door, qw's ghost, novice GrCA
D:5 Duvessa


Message History

You barely miss Duvessa.
Duvessa is lightly wounded.
You closely miss the gnoll. Duvessa hits you but does no damage.
The gnoll barely misses you. The gnoll closely misses you.
You hit Duvessa but do no damage.
Duvessa is lightly wounded.
You closely miss the gnoll. Duvessa hits you but does no damage.
The gnoll hits you but does no damage. Duvessa hits you but does no damage.
You hit Duvessa but do no damage.
Duvessa is lightly wounded.
You closely miss the gnoll. Duvessa hits you with a +0 short sword!
Duvessa is burned by your cloak of flames.
Duvessa is lightly wounded.
The gnoll hits you from afar with a +0 spear.
You barely miss Duvessa.
Duvessa is lightly wounded.
You hit the gnoll. You burn the gnoll. Duvessa hits you with a +0 short sword.
The gnoll hits you with a +0 club.
The gnoll is burned by your cloak of flames.
The gnoll is severely wounded.
The gnoll hits you but does no damage. Duvessa hits you with a +0 short sword.
Duvessa is burned by your cloak of flames.
Duvessa is moderately wounded.
3387 ||| READING 3 scrolls of teleportation.
As you read the scroll of teleportation, it crumbles to dust.
You feel strangely unstable. Duvessa hits you but does no damage.
Duvessa is burned by your cloak of flames.
Duvessa is moderately wounded.
The gnoll hits you but does no damage. x2
The gnoll is burned by your cloak of flames.
You kill the gnoll!
You have reached level 7!
You closely miss Duvessa.
Duvessa is moderately wounded.
Duvessa hits you with a +0 short sword!
You die...

..# #.# #.#
#.######.##.
#.#.@e......
#.#.#)g.....
#.####>#.#g##.###
#[.......#.# #
######.###.# #.##
.# ########(.##.#
#............##
#...#...#.....#


You could see Duvessa (berserk) and 2 gnolls.

Vanquished Creatures
  Sigmund (D:2)
  Dowan (D:5)
  Jessica (D:2)
  An iguana (D:4)
  2 gnolls (D:5)
  6 adders
  An ufetubus (D:2)
  A worm (D:2)
  2 dart slugs
  7 orcs
  6 ball pythons
  3 bats
  6 endoplasms
  4 giant cockroaches
  4 goblins
  8 hobgoblins
  10 jackals
  6 kobolds
  3 quokkas
  4 frilled lizards
  16 rats
93 creatures vanquished.

Notes
Turn   | Place    | Note
-------+----------+-------------------------------------------
     0 | D:1      | qw the Gargoyle Cinder Acolyte began the quest for the Orb.
     0 | D:1      | Reached XP level 1. HP: 14/14 MP: 2/2
     0 | D:1      | 0 ||| qw: Version: 0.2-a-95-gc95f03d
     0 | D:1      | 0 ||| qw: Game counter: 39
     0 | D:1      | 0 ||| qw: Always use a shield: true
     0 | D:1      | 0 ||| qw: God list: Okawaru
     0 | D:1      | 0 ||| qw: Allow faded altars: false
     0 | D:1      | 0 ||| qw: Do Orc after D:15 true
     0 | D:1      | 0 ||| qw: Do second Lair branch before Depths: true
     0 | D:1      | 0 ||| qw: Lair rune preference: random
     0 | D:1      | 0 ||| qw: Plans: Normal
     0 | D:1      | 0 ||| PLANNING D:1-11
    76 | D:1      | 76 ||| INVOKING Fiery Armour.
   141 | D:1      | Reached skill level 3 in Axes
   184 | D:1      | 184 ||| Stepping ~*~*~tactically~*~*~ (hiding).
   191 | D:1      | Reached XP level 2. HP: 19/19 MP: 3/3
   493 | D:1      | 493 ||| INVOKING Fiery Armour.
   753 | D:1      | Reached XP level 3. HP: 23/23 MP: 4/4
   885 | D:1      | 885 ||| UPGRADING to +0 leather armour.
   895 | D:1      | 895 ||| DROPPING +0 robe.
   896 | D:1      | 896 ||| READING scroll labelled ICWERRE BEUGU.
   897 | D:1      | 897 ||| READING scroll labelled SAFERH IDWIWN.
   904 | D:2      | Noticed Jessica
   913 | D:2      | Killed Jessica
   914 | D:2      | Reached skill level 4 in Axes
   940 | D:2      | Noticed Sigmund
   941 | D:2      | 941 ||| Stepping ~*~*~tactically~*~*~ (hiding).
   950 | D:2      | 950 ||| INVOKING Fiery Armour.
   959 | D:2      | Killed Sigmund
   960 | D:2      | Reached skill level 5 in Axes
   960 | D:2      | Reached XP level 4. HP: 8/28 MP: 5/5
   960 | D:2      | Reached XP level 5. HP: 9/32 MP: 6/6
  1308 | D:2      | 1308 ||| Stepping ~*~*~tactically~*~*~ (stealth).
  1314 | D:2      | 1314 ||| Stepping ~*~*~tactically~*~*~ (stealth).
  1345 | D:2      | Reached XP level 6. HP: 35/37 MP: 7/7
  1402 | D:2      | 1402 ||| Stepping ~*~*~tactically~*~*~ (stealth).
  1408 | D:2      | 1408 ||| Stepping ~*~*~tactically~*~*~ (stealth).
  1418 | D:2      | 1418 ||| Stepping ~*~*~tactically~*~*~ (stealth).
  1437 | D:2      | 1437 ||| Stepping ~*~*~tactically~*~*~ (stealth).
  1438 | D:2      | 1438 ||| Stepping ~*~*~tactically~*~*~ (stealth).
  1439 | D:2      | 1439 ||| Stepping ~*~*~tactically~*~*~ (stealth).
  1440 | D:2      | 1440 ||| Stepping ~*~*~tactically~*~*~ (stealth).
  1508 | D:2      | 1508 ||| Stepping ~*~*~tactically~*~*~ (stealth).
  1510 | D:2      | 1510 ||| Stepping ~*~*~tactically~*~*~ (stealth).
  1518 | D:2      | 1518 ||| Stepping ~*~*~tactically~*~*~ (stealth).
  1943 | D:2      | 1943 ||| UPGRADING to amulet of regeneration.
  1948 | D:2      | 1948 ||| READING scroll labelled AMIGI CEUSO.
  1948 | D:2      | Identified a scroll of acquirement
  1948 | D:2      | 1948 ||| ACQUIRING +0 scale mail "Noucir" {Dex+4}
  1948 | D:2      | Acquired the +0 scale mail "Noucir" {Dex+4}
  1950 | D:2      | 1950 ||| UPGRADING to +0 scale mail "Noucir" {Dex+4}.
  1960 | D:2      | 1960 ||| DROPPING +0 leather armour.
  1961 | D:2      | 1961 ||| READING scroll labelled DEEREURYATH.
  1966 | D:2      | 1966 ||| DRINKING 2 metallic brown potions.
  1967 | D:2      | 1967 ||| DROPPING potion of brilliance.
  1996 | D:3      | 1996 ||| INVOKING Fiery Armour.
  2059 | D:3      | Found a sparkling altar of Nemelex Xobeh.
  2089 | D:3      | 2089 ||| Stepping ~*~*~tactically~*~*~ (stealth).
  2091 | D:3      | 2091 ||| Stepping ~*~*~tactically~*~*~ (stealth).
  2104 | D:3      | Reached skill level 1 in Armour
  2176 | D:3      | Found a glowing silver altar of Zin.
  2228 | D:3      | Found a faded altar of an unknown god.
  2404 | D:3      | 2404 ||| READING scroll labelled BUDOTH ZOOHUN.
  2405 | D:3      | 2405 ||| READING 2 scrolls labelled YGRUDE GAKOL.
  2406 | D:3      | 2406 ||| DROPPING scroll of magic mapping.
  2425 | D:4      | 2425 ||| Stepping ~*~*~tactically~*~*~ (hiding).
  2426 | D:4      | 2426 ||| Stepping ~*~*~tactically~*~*~ (hiding).
  2571 | D:4      | Found a runed translucent door.
  2571 | D:4      | Noticed qw's ghost (novice GrCA)
  2585 | D:4      | Found an ornate altar of the Wu Jian Council.
  2590 | D:4      | Found a shadowy altar of Dithmenos.
  2591 | D:4      | Found a shimmering blue altar of Sif Muna.
  2623 | D:4      | Reached skill level 1 in Dodging
  2797 | D:4      | Reached skill level 6 in Axes
  2885 | D:4      | 2885 ||| Stepping ~*~*~tactically~*~*~ (hiding).
  3345 | D:4      | 3345 ||| READING scroll labelled TUV ASEUCWUEST.
  3346 | D:4      | 3346 ||| DRINKING 2 cyan potions.
  3356 | D:5      | Entered Level 5 of the Dungeon
  3356 | D:5      | Found a staircase to the Ecumenical Temple.
  3375 | D:5      | Noticed Dowan
  3376 | D:5      | Noticed Duvessa
  3377 | D:5      | 3377 ||| INVOKING Fiery Armour.
  3382 | D:5      | Killed Dowan
  3386 | D:5      | HP: 4/38 [Duvessa/+0 short sword (6)]
  3387 | D:5      | 3387 ||| READING 3 scrolls of teleportation.
  3388 | D:5      | Reached XP level 7. HP: 6/43 MP: 8/8
  3388 | D:5      | Slain by Duvessa

Levels and vault maps discovered:
D:1:      lemuel_arrival_funnel, layout_basic, minmay_rat_gold_closets
D:2:      minmay_recursive_quarters, layout_loops_ring, uniq_jessica,
          uniq_sigmund
D:3:      layout_rooms, mainiacjoe_overflow_cross_hatched,
          mainiacjoe_overflow_24_doors, basic_ecumenical_altar
D:4:      layout_basic, minitemple, gammafunk_ghost_grave, kennysheep_nub
D:5:      layout_loops_ring, minmay_temple_entry_junction_2,
          uniq_crazy_yiuf_cottage, uniq_duvessa

Skill      XL: |  1  2  3  4  5  6 |
---------------+-------------------+-----
Axes           | 3 5 6 |  6.0
Fighting       | 4 |  4.0
Armour         | 2 |  2.4
Dodging        | 1 |  1.2
Spellcasting   | |  1.0
Fire Magic     | |  3.0

Action                     |  1- 3 |  4- 6 |  7- 9 || total
---------------------------+-------+-------+-------++-------
  Melee: Hand axe          |    73 |   183 |     1 ||   257
         Punch             |       |     2 |       ||     2
  Throw: Boomerang         |       |     8 |       ||     8
 Invoke: Fiery Armour      |     3 |     2 |       ||     5
    Use: Scroll            |     2 |     6 |       ||     8
         Potion            |       |     2 |       ||     2
 Armour: Robe              |    23 |       |       ||    23
         Leather armour    |     4 |    39 |       ||    43
         Scale mail        |       |    46 |       ||    46
  Dodge: Dodged            |    32 |    96 |       ||   128

Table legend:
 A = Non-vault XP
 B = Vault XP
 C = Vault XP percentage of total XP
 D = Non-vault monster count
 E = Vault monster count
 F = Vault count percentage of total count
                 A         B        C        D         E       F
            +---------+---------+-------+---------+---------+-------
      Total |     260 |     366 |  58.5 |      73 |      20 |  21.5
            +---------+---------+-------+---------+---------+-------
        D:1 |      35 |       8 |  18.6 |      18 |       8 |  30.8
        D:2 |      63 |     292 |  82.3 |      14 |      11 |  44.0
        D:3 |      60 |       0 |   0.0 |      25 |       0 |   0.0
        D:4 |      73 |       0 |   0.0 |      14 |       0 |   0.0
        D:5 |      29 |      66 |  69.5 |       2 |       1 |  33.3
            +---------+---------+-------+---------+---------+-------
